 Dungeon Crawl Stone Soup version 0.26.1-11-gd32895ea62 (webtiles) character file.

Game seed: 7746810098047093989

13517 hawla the Thaumaturge (level 11, -1/63 HPs)
             Began as a Deep Elf Conjurer on May 10, 2021.
             Was an Elder of Vehumet.
             Slain by a yak (2 damage)
             ... on level 12 of the Dungeon on May 11, 2021.
             The game lasted 00:42:16 (15340 turns).

hawla the Thaumaturge (Deep Elf Conjurer)          Turns: 15340, Time: 00:42:17

Health: -1/63      AC:  4    Str:  7    XL:     11   Next: 76%
Magic:  29/29      EV: 14    Int: 34    God:    Vehumet [****..]
Gold:   992        SH:  0    Dex: 13    Spells: 17/34 levels left

rFire    x . .     SeeInvis .   v - +6 falchion "Piqim" {vorpal, rC- Int+7}
rCold    . . .     Faith    .   (no shield)
rNeg     . . .     Spirit   .   F - +0 robe "Put-Me-On" {Str+3} (curse)
rPois    .         Reflect  .   (no helmet)
rElec    .         Harm     .   (no cloak)
rCorr    .         Rampage  .   b - +1 pair of gloves
Will     +....     Rnd*Tele +   (no boots)
Stlth    ++........             B - amulet of regeneration
HPRegen  0.60/turn              x - ring of teleportation (curse)
MPRegen  0.21/turn              z - ring of ice

@: no status effects
A: no striking features
a: Renounce Religion


You were on level 12 of the Dungeon.
You worshipped Vehumet.
Vehumet was greatly pleased with you.
You visited 2 branches of the dungeon, and saw 13 of its levels.

You collected 992 gold pieces.

Inventory:

Hand Weapons
 g - the +5 scimitar of Xequfidd {vamp, rN+ Dex+3}
   (You found it on level 5 of the Dungeon)

   It inflicts no extra harm, but heals its wielder when it wounds a living foe.
   It affects your dexterity (+3).
   It protects you from negative energy.
 v - the +6 falchion "Piqim" (weapon) {vorpal, rC- Int+7}
   (You found it on level 6 of the Dungeon)

   It inflicts extra damage upon your enemies.
   It affects your intelligence (+7).
   It makes you vulnerable to cold.
Missiles
 q - 39 poisoned darts (quivered)
 H - 7 datura-tipped darts
Armour
 b - a +1 pair of gloves (worn)
 w - +1 steam dragon scales
 E - a +2 robe of positive energy
 F - the cursed +0 robe "Put-Me-On" (worn) {Str+3}
   (You found it on level 10 of the Dungeon)

   It affects your strength (+3).
   It has a curse placed upon it.
Jewellery
 a - a cursed amulet of inaccuracy {unknown}
 n - an uncursed ring of fire
 x - a cursed ring of teleportation (left hand)
 z - a ring of ice (right hand)
 B - an amulet of regeneration (around neck)
Wands
 i - a wand of acid (7)
 u - a wand of paralysis (10)
 y - a wand of iceblast (20)
Scrolls
 d - 5 scrolls of teleportation
 j - 3 scrolls of amnesia
 o - a scroll of magic mapping
 t - 2 scrolls of enchant weapon
 D - 2 scrolls of remove curse
Potions
 c - a potion of haste
 e - 2 potions of invisibility
 f - 6 potions of brilliance
 h - 2 potions of cancellation
 k - a potion of might
 l - 2 potions of lignification
 m - 2 potions of ambrosia
 r - 7 potions of curing
 s - a potion of resistance
 A - a potion of magic
 G - a potion of heal wounds


   Skills:
 - Level 5.0 Fighting
 - Level 3.0(7.0) Short Blades
 + Level 9.2(9.4) Long Blades
 - Level 1.0 Throwing
 - Level 4.0 Dodging
 - Level 4.0 Stealth
 - Level 12.0 Spellcasting
 - Level 10.0 Conjurations
 - Level 5.0 Translocations
 - Level 6.0 Ice Magic
 - Level 1.0 Evocations


You had 17 spell levels left.
You knew the following spells:

 Your Spells              Type           Power        Failure   Level
a - Magic Dart            Conj           100%         1%          1
b - Searing Ray           Conj           100%         1%          2
c - Iskenderun's Mystic   Conj/Tloc      63%          1%          4
d - Frozen Ramparts       Ice            100%         1%          3
e - Ozocubu's Armour      Ice            75%          1%          3
f - Olgreb's Toxic Radia  Pois           20%          6%          4

Your spell library contained the following spells:

 Spells                   Type           Power        Failure   Level
 Freeze                   Ice            100%         1%          1
 Shock                    Conj/Air       100%         1%          1
 Dazzling Flash           Conj/Hex       100%         1%          3
 Static Discharge         Conj/Air       53%          1%          3
 Fulminant Prism          Conj/Hex       26%          1%          4
 Hailstorm                Conj/Ice       84%          1%          4
 Lightning Bolt           Conj/Air       26%          2%          5
 Swiftness                Air            20%          3%          2
 Airstrike                Air            10%          6%          4
 Summon Ice Beast         Ice/Summ       57%          6%          4


Dungeon Overview and Level Annotations

Branches:
Dungeon (12/15)            Temple (1/1) D:6            Lair (0/6) D:8
    Orc (0/2) D:10

Altars:
Ashenzari
Cheibriados
Dithmenos
Elyvilon
Fedhas
Gozag
Hepliaklqana
Kikubaaqudgha
Makhleb
Nemelex Xobeh
Okawaru
Qazlal
Ru
Sif Muna
Trog
Uskayaw
Vehumet
Wu Jian
Xom
Yredelemnul
Zin
The Shining One

Shops:
D:7 (   D:10 (


Message History

You feel strangely unstable.
You are suddenly yanked towards some nearby monsters!
Your surroundings suddenly seem different.
A yak comes into view.
The yak bellows!
A yak comes into view. x4
Found a stone staircase leading down.
The cyclops throws a large rock.
The large rock hits you! The yak gores you.
You see here a large rock.
The yak gores you.
The cyclops throws a large rock.
The large rock hits you!!
The yak bellows!
You see here a large rock.
The yak bellows! x3
The yak barely misses you.
You riposte.
You completely miss the yak. The yak gores you!
* * * LOW HITPOINT WARNING * * *
You hit the yak but do no damage. The yak gores you!
* * * LOW HITPOINT WARNING * * *
The yak gores you.
You die...

..# ..# ..# ..#
C.# # # ### ...
..# ..#
.....########....#
..#
#...^...((@Y.C....
..#
##.......YYY..>...
..#
#........Y.......
..#
#....#........##..
..#
#..#####.....## .
..# #. ##...##
..##### #...#
......# #..##
.....##


You could see a cyclops and 5 yaks.

Vanquished Creatures
  A two-headed ogre (D:11)
  2 unseen horrors
  Pikel (D:9)
  A cyclops (D:11)
  2 manticores
  Joseph (D:8)
  Maggie (D:7)
  Prince Ribbit (D:5)
  4 wyverns
  2 shadows (D:10)
  2 basilisks (D:8)
  10 yaks
  Edmund (D:6)
  4 water moccasins (D:8)
  A sky beast (D:6)
  An orc warrior (D:11)
  6 black bears
  2 eyes of draining
  3 ice beasts
  3 phantoms
  3 ogres
  3 wolves (D:8)
  4 centaurs
  4 bullfrogs
  2 troll zombies (D:10)
  3 scorpions
  A water moccasin zombie (D:11)
  10 killer bees
  22 wights
  2 centaur zombies
  A howler monkey (D:10)
  2 jellies
  4 hounds
  A gnoll shaman (D:4)
  6 orc priests
  3 bullfrog skeletons
  2 centaur skeletons
  4 iguanas
  Natasha (thrice) (D:4)
  6 orc wizards
  7 worker ants
  4 ogre zombies (D:10)
  A hound skeleton (D:6)
  A worker ant zombie (D:11)
  A howler monkey zombie (D:5)
  11 gnolls
  11 adders
  A shadow imp (D:6)
  A white imp (D:8)
  3 ufetubi
  An adder zombie (D:6)
  2 adder skeletons
  6 worms
  2 dart slugs
  5 leopard geckos
  24 orcs
  A bat skeleton (D:2)
  4 giant cockroaches
  7 goblins
  8 hobgoblins
  10 kobolds
  A quokka (D:2)
  2 ball pythons (D:3)
  A ball python skeleton (D:6)
  8 bats
  6 frilled lizards
  A goblin skeleton (D:10)
  2 goblin zombies (D:10)
  2 hobgoblin skeletons (D:10)
  A leopard gecko skeleton (D:4)
  2 orc skeletons (D:10)
  12 orc zombies (D:10)
  6 rats
  A spectral orc (D:3)
291 creatures vanquished.

Vanquished Creatures (others)
  2 fungi (D:8)
  14 plants (D:8)
  4 withered plants (D:11)
20 creatures vanquished.

Grand Total: 311 creatures vanquished

Notes
Turn   | Place    | Note
-------+----------+-------------------------------------------
     0 | D:1      | hawla the Deep Elf Conjurer began the quest for the Orb.
     0 | D:1      | Reached XP level 1. HP: 10/10 MP: 6/6
   290 | D:1      | Reached XP level 2. HP: 15/15 MP: 4/8
   419 | D:1      | Learned a level 2 spell: Searing Ray
  1517 | D:2      | Reached skill level 1 in Translocations
  1517 | D:2      | Reached XP level 3. HP: 12/20 MP: 5/10
  1847 | D:2      | Found a sacrificial altar of Ru.
  2060 | D:2      | Reached XP level 4. HP: 6/24 MP: 6/11
  2619 | D:2      | Found an opulent altar of Gozag.
  2657 | D:3      | Learned a level 4 spell: Iskenderun's Mystic Blast
  2857 | D:3      | Found a hide-covered altar of Uskayaw.
  2867 | D:3      | Reached skill level 1 in Fighting
  2867 | D:3      | Reached skill level 4 in Spellcasting
  2951 | D:3      | Reached XP level 5. HP: 25/29 MP: 1/13
  3654 | D:3      | Found a sparkling altar of Nemelex Xobeh.
  3853 | D:3      | Found a basalt altar of Yredelemnul.
  4056 | D:4      | Noticed an ogre
  4062 | D:4      | Killed an ogre
  4063 | D:4      | Reached skill level 5 in Conjurations
  4112 | D:4      | Noticed Natasha
  4122 | D:4      | Killed Natasha
  4123 | D:4      | Reached XP level 6. HP: 19/34 MP: 5/15
  4269 | D:4      | Reached skill level 5 in Spellcasting
  4271 | D:4      | Noticed Natasha
  4494 | D:4      | Killed Natasha
  4797 | D:4      | Noticed Natasha
  4818 | D:4      | Killed Natasha
  4819 | D:4      | Reached XP level 7. HP: 30/38 MP: 7/17
  4936 | D:4      | Reached skill level 6 in Spellcasting
  5470 | D:4      | Reached skill level 1 in Short Blades
  5551 | D:4      | Found a shimmering altar of Xom.
  5552 | D:4      | Found a shimmering altar of Xom.
  5554 | D:4      | Got a translucent hand axe
  5562 | D:4      | Found a shimmering altar of Xom.
  5562 | D:4      | Found a shimmering altar of Xom.
  5566 | D:4      | Found a shimmering altar of Xom.
  5810 | D:4      | Identified the cursed +1 hand axe of the Wizarding Ancients
                  | {vorpal, +Rage} (You found it on level 4 of the Dungeon)
  5832 | D:5      | Entered Level 5 of the Dungeon
  5876 | D:5      | Got a slimy scimitar
  5877 | D:5      | Identified the +5 scimitar of Xequfidd {vamp, rN+ Dex+3}
                  | (You found it on level 5 of the Dungeon)
  6177 | D:5      | Noticed Prince Ribbit
  6187 | D:5      | Killed Prince Ribbit
  6188 | D:5      | Reached XP level 8. HP: 44/44 MP: 6/20
  6507 | D:5      | Reached skill level 7 in Spellcasting
  7085 | D:6      | Found an iron altar of Okawaru.
  7090 | D:6      | Got a blackened falchion
  7090 | D:6      | Identified the +6 falchion "Piqim" {vorpal, rC- Int+7} (You
                  | found it on level 6 of the Dungeon)
  7191 | D:6      | Found a staircase to the Ecumenical Temple.
  7195 | D:6      | Reached skill level 5 in Translocations
  7204 | Temple   | Entered the Ecumenical Temple
  7559 | Temple   | Became a worshipper of Vehumet
  7592 | D:6      | Noticed Edmund
  7593 | D:6      | Found a snail-covered altar of Cheibriados.
  7602 | D:6      | Killed Edmund
  7603 | D:6      | Reached skill level 8 in Spellcasting
  8269 | D:7      | Reached XP level 9. HP: 33/48 MP: 23/23
  8510 | D:7      | Reached skill level 9 in Spellcasting
  8744 | D:7      | Reached skill level 1 in Evocations
  8900 | D:7      | Noticed Maggie
  8906 | D:7      | Killed Maggie
  8907 | D:7      | Reached skill level 1 in Long Blades
  8907 | D:7      | Reached skill level 1 in Throwing
  9102 | D:7      | Found Saduq's Weapon Shoppe.
  9158 | D:7      | Found a shimmering blue altar of Sif Muna.
  9609 | D:8      | Learned a level 3 spell: Frozen Ramparts
  9695 | D:8      | Reached * piety under Vehumet
  9695 | D:8      | Offered knowledge of Shock by Vehumet.
  9699 | D:8      | Reached skill level 10 in Spellcasting
  9898 | D:8      | Reached skill level 10 in Conjurations
  9961 | D:8      | Found a staircase to the Lair.
  9971 | D:8      | Reached XP level 10. HP: 52/56 MP: 21/26
 10206 | D:8      | Noticed Joseph
 10227 | D:7      | Learned a level 3 spell: Ozocubu's Armour
 10311 | D:8      | Killed Joseph
 10640 | D:8      | Found a shadowy altar of Dithmenos.
 10652 | D:8      | Reached skill level 11 in Spellcasting
 10816 | D:8      | Found a blossoming altar of Fedhas.
 11079 | D:9      | Noticed Pikel
 11093 | D:9      | Killed Pikel
 11094 | D:9      | Reached skill level 12 in Spellcasting
 11200 | D:9      | Reached skill level 1 in Ice Magic
 11203 | D:9      | Reached skill level 5 in Long Blades
 11238 | D:9      | Found a stormy altar of Qazlal.
 11908 | D:10     | Entered Level 10 of the Dungeon
 11931 | D:10     | Got a steaming robe
 11941 | D:10     | Identified the cursed +0 robe "Put-Me-On" {Str+3} (You
                  | found it on level 10 of the Dungeon)
 11966 | D:10     | Found a staircase to the Orcish Mines.
 11971 | D:10     | Reached ** piety under Vehumet
 11971 | D:10     | Offered knowledge of Foxfire by Vehumet.
 12335 | D:10     | Reached XP level 11. HP: 61/61 MP: 24/29
 12380 | D:10     | Offered knowledge of Inner Flame by Vehumet.
 12663 | D:10     | Killed an unseen horror
 12767 | D:10     | Found Havy's Weapon Boutique.
 13189 | D:11     | Killed an unseen horror
 13374 | D:11     | Reached *** piety under Vehumet
 13423 | D:11     | Found a basalt altar of Yredelemnul.
 13811 | D:11     | Offered knowledge of Olgreb's Toxic Radiance by Vehumet.
 14004 | D:11     | Learned a level 4 spell: Olgreb's Toxic Radiance
 14187 | D:11     | Noticed a two-headed ogre
 14195 | D:11     | Killed a two-headed ogre
 14196 | D:11     | Reached skill level 5 in Fighting
 14196 | D:11     | Reached skill level 5 in Ice Magic
 15085 | D:12     | Reached **** piety under Vehumet
 15340 | D:12     | HP: 1/63 [yak (11)]
 15340 | D:12     | Slain by a yak

Illustrated notes

Levels and vault maps discovered:
D:1:      kilobyte_arrival_exit_the_forest, layout_loops_corners,
          minmay_octomino_j4
D:2:      layout_rooms, marbit_many_paths, general_overflow_altar
D:3:      layout_loops_ring, lemuel_coloured_pillars_altar,
          nicolae_overflow_hidden_temple, yredelemnul_forgotten_temple_becter
D:4:      layout_rooms, xom_redecorated, uniq_natasha
D:5:      layout_basic, uniq_prince_ribbit1
D:6:      layout_basic, okawaru_ov_weapons_minmay, kennysheep_slug_shrine,
          minmay_temple_entry_trees, grunt_ministairs_4, uniq_edmund
D:7:      layout_loops_cross, basic_altar, serial_shops, nicolae_shop_trees,
          nrook_uturn, uniq_maggie
D:8:      layout_basic, grunt_dithmenos_smoke, kennysheep_mini,
          minmay_lair_entry_grove, uniq_joseph
D:9:      layout_irregular_city, grunt_qazlal_sundering, uniq_pikel
D:10:     layout_roguey, zombieorc1_lemuel, serial_curves, eino_curves_03,
          eino_curves_03, serial_shops, nicolae_shop_trees
D:11:     layout_small_grid, yredelemnul_altar_generic
D:12:     layout_layer_cave, ebering_ghost_reflecting_pool
Temple:   chequers_temple_sunken

Skill      XL: |  1  2  3  4  5  6  7  8  9 10 11 |
---------------+----------------------------------+-----
Translocations | 1 2 3 5 |  5.0
Dodging        | 3 4 |  4.0
Stealth        | 3 4 |  4.0
Fighting       | 1 2 3 4 5 |  5.0
Spellcasting   | 4 5 6 8 10 12 | 12.0
Conjurations   | 5 6 7 8 10 | 10.0
Short Blades   | 2 3 |  3.0
Evocations     | 1 |  1.0
Long Blades    | 3 6 9 |  9.2
Throwing       | 1 |  1.0
Ice Magic      | 3 6 |  6.0

Action                   |  1- 3 |  4- 6 |  7- 9 | 10-12 || total
-------------------------+-------+-------+-------+-------++-------
Melee: Whip              |     6 |       |       |       ||     6
       Dagger            |    19 |    67 |    92 |       ||   178
       Scimitar          |       |       |     5 |       ||     5
       Falchion          |       |       |    41 |    64 ||   105
Throw: Dart              |       |       |       |    10 ||    10
 Cast: Magic Dart        |    24 |     8 |    12 |    16 ||    60
       Searing Ray       |    26 |    26 |    42 |    45 ||   139
       Iskenderun's Myst |       |     8 |    32 |    64 ||   104
       Frozen Ramparts   |       |       |     3 |     2 ||     5
       Ozocubu's Armour  |       |       |       |     5 ||     5
       Olgreb's Toxic Ra |       |       |       |     2 ||     2
  Use: Scroll            |       |     5 |    10 |    12 ||    27
       Potion            |       |     3 |     2 |       ||     5
 Stab: Sleeping          |       |     1 |     3 |     5 ||     9
       Distracted        |       |       |     1 |       ||     1
Armor: Robe              |    11 |    13 |    16 |     7 ||    47
       Skin              |       |     3 |    80 |       ||    83
       Steam dragon scal |       |       |     8 |    31 ||    39
Dodge: Dodged            |    31 |    57 |   116 |   106 ||   310
       Rpst.: Falchion   |       |       |    22 |    24 ||    46
